 Dungeon Crawl Stone Soup version 0.29-a0-330-g52719c12eb (webtiles) character file.

Game seed: 6771006046541750359

3451 kae the Firebug (level 9, -5/60 (62) HPs)
             Began as a Demigod Fire Elementalist on Apr 27, 2022.
             Killed by divine providence
             ... invoked by an orc priest
              (14 damage)
             ... on level 7 of the Dungeon.
             The game lasted 00:06:40 (9623 turns).

kae the Firebug (Demigod Fire Elementalist)         Turns: 9623, Time: 00:06:41

HP:   -5/60 (62)    AC:  3    Str:  5    XL:     9   Next: 49%
MP:   13/23         EV: 12    Int: 29    God:
Gold: 278           SH:  0    Dex: 23    Spells: 9/22 levels left

rFire   . . .      SeeInvis +   o - +12 dagger "Brush" {elec, Fly Str-4 Dex+3}
rCold   . . .      Faith    .   (no shield)
rNeg    . . .      Spirit   .   a - +1 robe
rPois   .          Reflect  .   (no helmet)
rElec   .          Harm     .   (no cloak)
rCorr   .          Rampage  .   (no gloves)
Will    .....                   (no boots)
Stlth   ++........              (no amulet)
HPRegen 0.20/turn               d - +6 ring of dexterity
MPRegen 0.18/turn               w - ring of see invisible

@: flying, very slightly contaminated, lightly drained
A: high MP 1, forlorn, divine attributes
a: no special abilities


You were on level 7 of the Dungeon.
You visited 1 branch of the dungeon, and saw 7 of its levels.
You also visited: Sewer.

You collected 278 gold pieces.

Inventory:

Hand Weapons
 e - a +1 whip of protection
 o - the +12 dagger "Brush" (weapon) {elec, Fly Str-4 Dex+3}
   (You found it on level 6 of the Dungeon)

   It occasionally discharges a powerful burst of electricity upon striking a
   foe.
   Str:       It affects your strength (-4).
   Dex:       It affects your dexterity (+3).
   Fly:       It grants you flight.
Armour
 a - a +1 robe (worn)
Jewellery
 d - a +6 ring of dexterity (left hand)
 p - a +6 ring of dexterity
 w - a ring of see invisible (right hand)
Wands
 r - a wand of acid (9)
 s - a wand of flame (16)
Scrolls
 h - 2 scrolls of teleportation
 i - 3 scrolls of holy word
 l - 2 scrolls of fear
 m - a scroll of amnesia
 t - a scroll of enchant armour
 u - a scroll of brand weapon
 y - 2 scrolls of enchant weapon
 A - a scroll of blinking
Potions
 b - a potion of magic
 c - a potion of attraction
 f - 3 potions of haste
 g - 2 potions of mutation
 j - a potion of lignification
 k - a potion of ambrosia
 n - 3 potions of invisibility
 q - 2 potions of curing
 v - 2 potions of cancellation
 x - a potion of might


   Skills:
 - Level 1.7 Dodging
 - Level 1.7 Stealth
 + Level 7.0 Spellcasting
 + Level 7.4 Conjurations
 + Level 7.9 Fire Magic


You had 9 spell levels left.
You knew the following spells:

 Your Spells              Type           Power      Damage    Failure   Level
a - Foxfire               Conj/Fire      100%       2x1d9     1%          1
b - Scorch                Fire           100%       2d10      1%          2
c - Conjure Flame         Conj/Fire      53%        6-21      1%          3
d - Inner Flame           Hex/Fire       33%        N/A       3%          3
e - Flame Wave            Conj/Fire      53%        2d11      2%          4

Your spell library contained the following spells:

 Spells                   Type           Power      Damage    Failure   Level
 Stone Arrow              Conj/Erth      62%        3d10      3%          3
 Tukima's Dance           Hex            10%        N/A       16%         3
 Anguish                  Hex/Necr       5%         N/A       45%         4
 Animate Armour           Summ/Erth      20%        N/A       45%         4
 Enfeeble                 Hex            5%         N/A       100%        7
 Lehudib's Crystal Spear  Conj/Erth      15%        10d5      100%        8


Dungeon Overview and Level Annotations

Branches:
Dungeon (7/15)             Temple (0/1) D:6           Sewer (visited)

Shops:
D:2 [   D:7 [


Innate Abilities, Weirdness & Mutations

You have an increased reservoir of magic. (+10% MP)
You shall have no god before yourself.
Your divine heritage dramatically boosts your attributes as you level up.


Message History

The foxfire hits the orc.
The orc is severely wounded.
The foxfire hits the orc but does no damage.
The orc is severely wounded.
The orc hits you with a +0 club.
The orc priest invokes the aid of Beogh against you.
Beogh smites you! The orc attacks as you move away!
The orc hits you but does no damage.
Casting: Foxfire (safe; 1% risk of failure)
Confirm with . or Enter, or press ? or * to list all spells.
Casting: Flame Wave (dangerous; 2% risk of failure)
Press: ? - help, Dir - look around, f - activate A wave of flame ripples out!
The flame wave engulfs the orc!
You kill the orc! (Press . to intensify the flame waves.)
A wave of flame ripples out!
The flame wave engulfs the orc!
You kill the orc!
The flame wave engulfs the orc warrior!
The orc warrior is heavily wounded.
A wave of flame ripples out!
The flame wave engulfs the orc warrior.
The orc warrior is severely wounded.
The flame wave engulfs the orc priest!
The orc priest is heavily wounded.
You finish channelling waves of flame.
The orc priest calls down the wrath of Beogh upon you.
Beogh smites you! The orc warrior barely misses you.
Casting: Flame Wave (dangerous; 2% risk of failure)
Confirm with . or Enter, or press ? or * to list all spells.
Casting: Flame Wave (dangerous; 2% risk of failure)
Press: ? - help, Dir - look around, f - activate You miscast Flame Wave.
You are very lightly contaminated with residual magic.
Nothing appears to happen.
The orc warrior hits you with a +2 short sword of draining!
* * * LOW HITPOINT WARNING * * *
You feel drained.
* * * LOW HITPOINT WARNING * * *
The orc priest calls down the wrath of Beogh upon you.
Beogh smites you!
You die...

.##.##..######+
..............?
...............
...............
...............
...............
........o......
##########o####...
..........#@### .
..........#...#
..........'...#
......)...#...#
..........######
...............# ...#
...............#
...######....###....+
........#....'∩#....#


You could see an orc warrior and an orc priest.

Vanquished Creatures
  A two-headed ogre (D:4)
  A skeletal warrior (D:6)
  5 sky beasts
  An ogre (D:6)
  An ice beast (D:6)
  A centaur (D:6)
  2 phantoms
  A kobold brigand (Sewer)
  A bullfrog (D:7)
  4 scorpions
  4 killer bees
  A howler monkey (D:6)
  A jelly (D:6)
  3 orc priests
  2 gnoll shamans
  4 hounds
  6 iguanas
  4 orc wizards
  6 gnolls
  3 river rats
  10 adders
  A white imp (D:6)
  An ufetubus (D:6)
  6 worms
  23 orcs
  7 endoplasms
  3 giant cockroaches
  7 goblins
  3 hobgoblins
  11 jackals
  5 quokkas
  7 ball pythons
  12 bats
  2 frilled lizards
  11 kobolds
  10 rats
171 creatures vanquished.

Vanquished Creatures (others)
  582 foxfires
582 creatures vanquished.

Grand Total: 753 creatures vanquished

Notes
Turn   | Place    | Note
-------+----------+-------------------------------------------
     0 | D:1      | kae the Demigod Fire Elementalist began the quest for the
                  | Orb.
     0 | D:1      | Reached XP level 1. HP: 14/14 MP: 5/5
    20 | D:1      | Reached skill level 1 in Conjurations
   103 | D:1      | Reached XP level 2. HP: 20/20 MP: 4/7
   811 | D:1      | Reached XP level 3. HP: 26/26 MP: 5/9
   971 | D:1      | You fall into a shaft and drop 1 floor!
  1429 | D:2      | Found Lapnuph's Armour Emporium.
  2010 | D:3      | Learned a level 2 spell: Scorch
  2014 | D:3      | Learned a level 3 spell: Conjure Flame
  2182 | D:3      | Reached XP level 4. HP: 33/33 MP: 7/10
  2419 | D:3      | Reached XP level 5. HP: 34/38 MP: 6/12
  2438 | D:3      | Learned a level 3 spell: Inner Flame
  3510 | D:3      | Reached XP level 6. HP: 13/45 MP: 9/14
  4080 | D:4      | Noticed a two-headed ogre
  4299 | D:4      | Found the +6 arbalest "Damnation" {damnation}
  4445 | D:4      | Killed a two-headed ogre
  4446 | D:4      | Reached skill level 5 in Fire Magic
  4446 | D:4      | Reached XP level 7. HP: 24/50 MP: 1/17
  4750 | D:5      | Entered Level 5 of the Dungeon
  4759 | D:5      | Found a glowing drain.
  4765 | Sewer    | Entered a sewer
  5082 | Sewer    | Reached skill level 5 in Conjurations
  5348 | D:5      | Reached skill level 5 in Spellcasting
  5467 | D:5      | Reached XP level 8. HP: 57/57 MP: 16/19
  7220 | D:6      | Noticed a skeletal warrior
  7273 | D:6      | Noticed a skeletal warrior
  7273 | D:6      | Noticed a skeletal warrior
  7564 | D:6      | Found a staircase to the Ecumenical Temple.
  7579 | D:6      | Reached XP level 9. HP: 41/62 MP: 16/22
  7867 | D:6      | HP: 1/62 [killer bee (5)]
  8129 | D:5      | Learned a level 4 spell: Flame Wave
  8441 | D:6      | Noticed a skeletal warrior
  8664 | D:6      | Identified the +12 dagger "Brush" {elec, Fly Str-4 Dex+3}
  8946 | D:6      | Killed a skeletal warrior
  9573 | D:7      | Found Soycam's Armour Boutique.
  9623 | D:7      | Killed from afar by an orc priest

Illustrated notes

Levels and vault maps discovered:
D:1:      heliophobic_arrival_ceremonial_halls, layout_basic, nrook_campfire
D:2:      layout_loops_corners, basic_altar, serial_shops, shop,
          minmay_tetromino_s4
D:3:      layout_rooms, gammafunk_temple_overflow_elements,
          mainiacjoe_overflow_alcove_2, shapermc_ecumenical_altar_notcrosses,
          minmay_distorted
D:4:      minmay_clustersquares, layout_basic, hangedman_decor_lopped
D:5:      layout_cave_pools, lightli_sewer_entry_pipes, minmay_misc_feat_pillars
D:6:      layout_loops_cross, lemuel_tele_altar, temple_doors_e
D:7:      layout_gridville, ashenzari_altar_1, serial_shops,
          nicolae_shop_window_shopping, st_stairs_13

Skill      XL: |  1  2  3  4  5  6  7  8  9 |
---------------+----------------------------+-----
Spellcasting   | 2 3 4 5 6 7 |  7.0
Conjurations   | 1 2 3 4 5 6 7 |  7.4
Fire Magic     | 3 4 5 7 |  7.9
Dodging        | |  1.7
Stealth        | |  1.7

Action                   |  1- 3 |  4- 6 |  7- 9 || total
-------------------------+-------+-------+-------++-------
Melee: Whip              |       |     7 |     2 ||     9
 Cast: Foxfire           |    92 |    74 |   173 ||   339
       Scorch            |       |    27 |    59 ||    86
       Conjure Flame     |       |     2 |     3 ||     5
       Flame Wave        |       |       |     2 ||     2
Evoke: Wand              |       |       |     2 ||     2
  Use: Scroll            |       |       |    23 ||    23
       Potion            |       |       |     2 ||     2
Armor: Robe              |     4 |    10 |    15 ||    29
Dodge: Dodged            |    11 |    48 |    82 ||   141

Table legend: (Time is in decaauts)
 A = Elapsed time spent in this place.
 B = Non-inter-level travel time spent in this place.
 C = Inter-level travel time spent in this place.
 D = Time resting spent in this place.
 E = Time spent auto-exploring this place.
 F = Levels seen in this place.
 G = Mean time per level.
                   A        B        C        D        E       F      G
               +--------+--------+--------+--------+--------+-----+--------+
         Total |   9730 |   9391 |    339 |   1163 |   6660 |   8 | 1216.2 |
       Dungeon |   9104 |   8765 |    339 |   1163 |   6217 |   7 | 1300.6 |
         Sewer |    626 |    626 |      0 |      0 |    442 |   1 |  626.0 |
               +--------+--------+--------+--------+--------+-----+--------+

Top non-repeatable levels by time:
     D:5: 2713 daAuts
     D:6: 1488 daAuts
     D:3: 1470 daAuts
     D:4: 1315 daAuts
     D:2: 995 daAuts
     D:1: 970 daAuts
   Sewer: 626 daAuts
     D:7: 150 daAuts
